 Dungeon Crawl Stone Soup version 0.22-a0-351-g29664b4 (webtiles) character file.

56 4thArraOfDagon the Firebug (level 3, -1/21 HPs)
             Began as an Octopode Fire Elementalist on Apr 12, 2018.
             Slain by a hound (6 damage)
             ... on level 5 of the Dungeon.
             The game lasted 00:04:36 (630 turns).

4thArraOfDagon the Firebug (OpFE)                    Turns: 630, Time: 00:04:36

Health: -1/21      AC:  1    Str:  7    XL:     3   Next: 97%
Magic:  4/6        EV: 13    Int: 18    God:
Gold:   117        SH:  0    Dex: 12    Spells: 2/6 levels left

rFire    . . .     SeeInvis .   e - +0 rapier
rCold    . . .     Gourm    .   (no shield)
rNeg     . . .     Faith    .   (helmet restricted)
rPois    .         Spirit   .   (no amulet)
rElec    .         Reflect  .   (no ring)
rCorr    .         Harm     .   (no ring)
MR       .....                  (no ring)
Stlth    +++.......             (no ring)
HPRegen  0.07/turn              (no ring)
MPRegen  0.10/turn              (no ring)
                                (no ring)
                                (no ring)

@: very slightly contaminated
A: almost no armour, stealthy swim, amphibious, 8 rings, constrict 8, camouflage
1, gelatinous body 1
a: no special abilities


You were on level 5 of the Dungeon.
You were not hungry.

You visited 1 branch of the dungeon, and saw 5 of its levels.

You collected 117 gold pieces.

Inventory:

Hand Weapons
 a - a +0 short sword
 e - a +0 rapier (weapon)
Scrolls
 c - a scroll of remove curse {unknown}
 d - a scroll of identify
Potions
 f - a potion of resistance
 g - 2 potions of magic
 i - a potion of curing
Comestibles
 b - 2 rations


   Skills:
 - Level 2.0 Dodging
 - Level 2.6 Stealth
 + Level 2.4 Spellcasting
 * Level 2.4 Conjurations
 * Level 3.7 Fire Magic


You had 2 spell levels left.
You knew the following spells:

 Your Spells              Type           Power        Failure   Level  Hunger
a - Flame Tongue          Conj/Fire      ##...        4%          1    #......
b - Conjure Flame         Conj/Fire      ##......     14%         3    ###....


Dungeon Overview and Level Annotations

Branches:
Dungeon (5/15)
 Temple: D:4-7

Altars:
Fedhas
Makhleb
Nemelex Xobeh


Innate Abilities, Weirdness & Mutations

You cannot wear most types of armour.
You are very stealthy in the water. (Stealth+)
You are amphibious.
You can wear up to eight rings at the same time.
You can use your tentacles to constrict eight enemies at once.
Your skin changes colour to match your surroundings (Stealth+).
Your rubbery body absorbs attacks. (AC +1, EV +1)


Message History

You barely miss the hound. Your grab misses the hound.
You squeeze the hound, but do no damage.
The hound is lightly wounded.
The hound bites you but does no damage.
Unknown command.
You hit the hound. Your grab misses the hound.
The hound is moderately wounded.
The hound misses you. The hound bites you.
Unknown command.
You closely miss the hound. Your grab misses the hound.
Your squeeze misses the hound.
The hound is moderately wounded.
The hound bites you. The hound closely misses you.
Unknown command.
You closely miss the hound. Your grab misses the hound.
The hound is moderately wounded.
The hound bites you.
* * * LOW HITPOINT WARNING * * *
The hound bites you.
You die...

#. ..# [# #.##.# .##.#
#.##.# ...# #.##.# ##
...# ##.##.# #.###..# #
##..##.# #.#...#
##.#...##.######.....##
+.....................)
##....@...#####..###..#
####>h#### #..#_'..#
##.# #..###..# #.#
#......## #.. ###....#
### #..>.## #.#### #.#
#.#


You could see a hound.

Vanquished Creatures
  3 adders (D:3)
  2 leopard geckos
  2 orcs (D:3)
  A giant cockroach (D:4)
  4 goblins
  A hobgoblin (D:3)
  2 jackals (D:3)
  A quokka (D:3)
  A ball python (D:1)
  4 bats
  2 frilled lizards (D:3)
  4 kobolds
  2 rats
29 creatures vanquished.

Notes
Turn   | Place    | Note
-------+----------+-------------------------------------------
     0 | D:1      | 4thArraOfDagon the Octopode Fire Elementalist began the quest for the Orb.
     0 | D:1      | Reached XP level 1. HP: 11/11 MP: 3/3
   158 | D:2      | Reached XP level 2. HP: 17/17 MP: 3/5
   169 | D:2      | Found a blossoming altar of Fedhas.
   372 | D:3      | Reached XP level 3. HP: 9/21 MP: 1/6
   380 | D:3      | Learned a level 3 spell: Conjure Flame
   382 | D:3      | Found a burning altar of Makhleb.
   536 | D:5      | Entered Level 5 of the Dungeon
   609 | D:5      | Found a sparkling altar of Nemelex Xobeh.
   630 | D:5      | Slain by a hound

Vault maps used:
D:1:      ncdulo_halloftheorcs
D:2:      fedhas_altar_3
D:3:      lemuel_round_altar, uniq_crazy_yiuf_cottage
D:4:      yredelemnul_altar_generic
D:5:      lemuel_ratsnest, kennysheep_mini_moat, nicolae_overflow_hidden_temple,
          serial_shops, shop, first_ration, roderic_batcave

Skill      XL: |  1  2 |
---------------+-------+-----
Conjurations   | 2 |  2.4
Dodging        | |  2.0
Stealth        | |  2.6
Spellcasting   | |  2.4
Fire Magic     | |  3.7

Action                   || total
-------------------------++-------
Melee: Short sword       ||    14
       Constrict         ||    12
       Tentacles         ||     5
       Unarmed           ||     1
       Rapier            ||    30
 Cast: Flame Tongue      ||    28
  Use: Scroll            ||     5
 Stab: Sleeping          ||     5
Armor: Skin              ||     4
Dodge: Dodged            ||    34

Table legend:
 A = Spawn XP
 B = Non-spawn XP
 C = Spawn XP percentage of total XP
 D = Spawn monster count
 E = Non-spawn monster count
 F = Spawn count percentage of total count
 G = Total turns spent on level
                    A         B        C        D         E        F      G
               +---------+---------+-------+---------+---------+-------+---------
         Total |       0 |      81 |   0.0 |       0 |      29 |   0.0 |   630
               +---------+---------+-------+---------+---------+-------+---------
           D:1 |       0 |       7 |   0.0 |       0 |       6 |   0.0 |   119
           D:2 |       0 |       3 |   0.0 |       0 |       3 |   0.0 |    67
           D:3 |       0 |      66 |   0.0 |       0 |      18 |   0.0 |   323
           D:4 |       0 |       5 |   0.0 |       0 |       2 |   0.0 |    27
               +---------+---------+-------+---------+---------+-------+---------
